AoeStats
← Umdeuter

Arabian Desert

508557475Analyzed
1v1 RM · 8d ago on Sep 23, 2026· 41m 1s· 2 players
Game mode
Random Map
Map size
Tiny (2 player)
Population
200
Speed
Normal
Resources
Standard
Victory
Conquest
Starting age
Dark Age
Ending age
Imperial Age
RankedLock teamsTeams togetherTeam positionsShared explorationLock speedFull tech treeHidden civsTurbo modeCheats
Victory
Defeat
🇩🇪 Shu · Germany
1926
+7
🇪🇨 Mongols · Ecuador
1707
-7
buscandobeiby11
2:36 Loom
8:42 Feudal Age
9:40 Double-Bit Axe
10:41 Man-at-Arms
19:03 Forging
20:30 Bloodlines
23:11 Castle Age
21:57 Gold Mining
21:47 Horse Collar
22:29 Fletching
23:54 Bodkin Arrow
24:01 Husbandry
24:12 Bow Saw
24:24 Padded Archer Armor
29:45 Wheelbarrow
29:12 Town Watch
33:28 Leather Archer Armor
39:28 Imperial Age
37:47 Ballistics
37:31 Stone Mining
38:17 Gold Shaft Mining
39:09 Thumb Ring
40:39 Parthian Tactics
40:18 Bracer
41:45 Chemistry
Umdeuter
6:44 Loom
8:58 Feudal Age
10:44 Double-Bit Axe
16:39 Fletching
17:25 Forging
22:21 Castle Age
21:49 Padded Archer Armor
22:45 Crossbowman
24:44 Wheelbarrow
24:35 Bodkin Arrow
24:55 Bow Saw
24:53 Gold Mining
30:03 Ballistics
30:15 Horse Collar
31:21 Treadmill Crane
32:14 Thumb Ring
38:41 Imperial Age
38:00 Hand Cart
38:22 Gold Shaft Mining
39:23 Bracer
38:50 Arbalester
41:40 Chemistry
41:34 Masonry
Connection lost

Rejoining the realm…

Still unreachable

The connection could not be restored.

Session expired

The server has moved on; the page needs a fresh start.